 Dungeon Crawl Stone Soup version 0.28-a0-691-gad6df49e81 (webtiles) character file.

Game seed: 14005249014208450671

334 cheechan the Shooter (level 6, 0/55 HPs)
             Began as a Naga Hunter on Oct 21, 2021.
             Slain by Blork the orc (10 damage)
             ... on level 4 of the Dungeon on Oct 22, 2021.
             The game lasted 00:18:38 (3987 turns).

cheechan the Shooter (Naga Hunter)                  Turns: 3987, Time: 00:18:38

Health: 0/55       AC:  6    Str: 23    XL:     6   Next: 53%
Magic:  6/6        EV:  9    Int: 11    God:
Gold:   129        SH:  0    Dex: 11    Spells: 5/5 levels left

rFire   . . .      SeeInvis +   m - +1 dagger (venom)
rCold   + . .      Faith    .   (no shield)
rNeg    . . .      Spirit   .   c - +0 leather armour
rPois   +          Reflect  .   n - +0 helmet
rElec   .          Harm     .   q - scarf {shadows}
rCorr   .          Rampage  .   g - +0 pair of gloves
Will    .....                   (no barding)
Stlth   ++........              p - amulet of regeneration
HPRegen 1.18/turn               k - ring of protection from cold
MPRegen 0.10/turn               s - +6 ring of strength

@: very slow
A: AC +2, large, see invisible, deformed body, poison resistance, slowness 2,
spit poison 1, naga tail 1
a: Spit Poison


You were on level 4 of the Dungeon.
You visited 1 branch of the dungeon, and saw 4 of its levels.

You collected 157 gold pieces.
You spent 28 gold pieces at shops.

Inventory:

Hand Weapons
 a - a +2 shortbow
 b - a +0 short sword
 e - a +0 hand axe
 m - a +1 dagger of venom (weapon)
 o - a +0 hunting sling
Missiles
 d - 6 arrows
 f - 17 sling bullets
 i - 26 bolts
 l - 148 stones (quivered)
Armour
 c - a +0 leather armour (worn)
 g - a +0 pair of gloves (worn)
 n - a +0 helmet (worn)
 q - a scarf of shadows (worn)
Jewellery
 k - a ring of protection from cold (left hand)
 p - an amulet of regeneration (around neck)
 s - a +6 ring of strength (right hand)
Scrolls
 r - a scroll of amnesia
 t - a scroll of teleportation
Potions
 h - 5 potions of haste
 u - a potion of ambrosia {unknown}


   Skills:
 + Level 2.8 Fighting
 + Level 5.7 Bows
 + Level 2.2 Armour
 + Level 1.9 Dodging
 + Level 2.6 Stealth


You had 5 spell levels left.
You didn't know any spells.
Your spell library was empty.

Dungeon Overview and Level Annotations

Branches:
Dungeon (4/15)
 Temple: D:4-7

Altars:
Dithmenos
Nemelex Xobeh

Shops:
D:2 ?

Annotations:
D:4 Blork the orc


Innate Abilities, Weirdness & Mutations

Your serpentine skin is tough. (AC +2)
You have supernaturally acute eyesight. (SInv)
Armour fits poorly on your strangely shaped body.
Your system is resistant to poisons. (rPois)
You cover ground very slowly.
You can spit poison.
You have a snake-like lower body.


Message History

Press: ? - help, Q - select action, (/) - cycle Shift-Dir - straight line, f/p - Blork the orc
Aim: Blork the orc, wielding a +0 halberd and wearing a +0 robe (moderately wounded, 65% to hit)
You shoot an arrow. The arrow closely misses Blork the orc.
The adder hisses angrily.
Blork the orc points at you and mumbles some strange words.
The puff of flame hits you!
Fire: 8 arrows
Press: ? - help, Q - select action, (/) - cycle Shift-Dir - straight line, f/p - Blork the orc
Aim: Blork the orc, wielding a +0 halberd and wearing a +0 robe (moderately wounded, 65% to hit)
You shoot an arrow. The arrow hits Blork the orc.
Blork the orc is heavily wounded.
You have got your breath back.
Blork the orc hits you from afar with a +0 halberd!
Fire: 7 arrows
Press: ? - help, Q - select action, (/) - cycle Shift-Dir - straight line, f/p - Blork the orc
Aim: Blork the orc, wielding a +0 halberd and wearing a +0 robe (heavily wounded, 65% to hit)
You shoot an arrow. The arrow hits Blork the orc.
Blork the orc is heavily wounded.
Blork the orc hits you from afar with a +0 halberd!
* * * LOW HITPOINT WARNING * * *
Okay, then.
Okay, then.
You feel better. Blork the orc barely misses you. The adder barely misses you.
Your +1 dagger of venom begins to drip with poison!
m - a +1 dagger of venom (weapon)
Blork the orc barely misses you.
You hit the adder but do no damage. The adder bites you but does no damage.
Blork the orc closely misses you.
You hit the adder.
The adder is moderately wounded.
The adder bites you. The adder barely misses you.
Blork the orc hits you from afar with a +0 halberd!
* * * LOW HITPOINT WARNING * * *
You feel better. The adder bites you.
Blork the orc hits you from afar with a +0 halberd!
* * * LOW HITPOINT WARNING * * *
The adder bites you but does no damage. The adder closely misses you.
Blork the orc hits you from afar with a +0 halberd!
You die...

**********,..,,,#.##.#..########.
,,,,,,,,,,,..##*#.##.....# #.
,,,,,,,,***....##.##.....# #.
,,,,,,,,##*#......##.....# ###.
,,,****,...#.........#...# #...
**** **.#.#......##.#...#####<##
**......................... ***
*,,......#.......>.###.....
*,*****,.###...S@........###.....
*,*,,,,,.......#.###.......#.....
*,*,**,,.......o...#............#
*,,,**,,..#..$..................,
*,****,,,,#.(....#.#..........,,,
*,,,,,,,,..........#.#####....,,,
*******,.......###.#.# *....,,,
*,,,,,,.(.(...#*#...# *,...,,,
***,**,###....#,#.### *,,..,,,


You could see Blork the orc and an adder.

Vanquished Creatures
  Grinder (D:4)
  Jessica (D:2)
  Robin (D:2)
  2 adders (D:3)
  2 worms (D:2)
  5 dart slugs
  8 bats
  8 endoplasms
  5 giant cockroaches
  17 goblins
  A hobgoblin (D:2)
  2 quokkas
  3 ball pythons
  2 frilled lizards
  9 kobolds
  3 rats
70 creatures vanquished.

Notes
Turn   | Place    | Note
-------+----------+-------------------------------------------
     0 | D:1      | cheechan the Naga Hunter began the quest for the Orb.
     0 | D:1      | Reached XP level 1. HP: 19/19 MP: 1/1
   198 | D:1      | Reached skill level 4 in Bows
   198 | D:1      | Reached XP level 2. HP: 15/26 MP: 2/2
  1186 | D:1      | Reached XP level 3. HP: 32/32 MP: 3/3
  1746 | D:2      | Found a sparkling altar of Nemelex Xobeh.
  1746 | D:2      | Noticed Jessica
  1757 | D:2      | Killed Jessica
  1758 | D:2      | Reached skill level 1 in Armour
  1758 | D:2      | Reached XP level 4. HP: 38/40 MP: 4/4
  1849 | D:2      | Found Jaryaguts's Magic Scroll Shop.
  1852 | D:2      | Bought a scroll of identify for 28 gold pieces
  2060 | D:2      | Noticed Robin
  2068 | D:2      | Killed Robin
  2969 | D:3      | Found a shadowy altar of Dithmenos.
  3170 | D:3      | Reached XP level 5. HP: 46/46 MP: 5/5
  3244 | D:3      | Found a faded altar of an unknown god.
  3384 | D:3      | Reached skill level 5 in Bows
  3923 | D:4      | Noticed Grinder
  3935 | D:4      | Killed Grinder
  3936 | D:4      | Reached XP level 6. HP: 55/55 MP: 6/6
  3969 | D:4      | Noticed Blork the orc
  3987 | D:4      | Slain by Blork the orc

Illustrated notes

Levels and vault maps discovered:
D:1:      denvon_arrival_waterhouse, layout_loops_corners
D:2:      layout_loops_ring, basic_altar, serial_shops,
          nicolae_shop_behind_doors, uniq_robin, uniq_jessica
D:3:      layout_loops_ring, grunt_dithmenos_smoke_and_mirrors,
          hellmonk_ecumenical_altar_run_dry, serial_park_tiny_1, hex_tiny
D:4:      layout_basic, uniq_grinder, uniq_blork_the_orc

Skill      XL: |  1  2  3  4  5 |
---------------+----------------+-----
Bows           | 4 5 |  5.7
Armour         | 1 2 |  2.2
Stealth        | 2 |  2.6
Fighting       | |  2.8
Dodging        | |  1.9

Action                   |  1- 3 |  4- 6 || total
-------------------------+-------+-------++-------
Melee: Dagger            |       |     2 ||     2
 Fire: Shortbow          |    65 |   113 ||   178
 Abil: Spit Poison       |       |     1 ||     1
  Use: Scroll            |     4 |     6 ||    10
       Potion            |       |     2 ||     2
Armor: Leather armour    |    10 |    26 ||    36
Dodge: Dodged            |    23 |    46 ||    69

Table legend: (Time is in decaauts)
 A = Elapsed time spent in this place.
 B = Non-inter-level travel time spent in this place.
 C = Inter-level travel time spent in this place.
 D = Time resting spent in this place.
 E = Time spent auto-exploring this place.
 F = Levels seen in this place.
 G = Mean time per level.
                   A        B        C        D        E       F      G
               +--------+--------+--------+--------+--------+-----+--------+
         Total |   5079 |   5079 |      0 |    930 |      0 |   4 | 1269.8 |
       Dungeon |   5079 |   5079 |      0 |    930 |      0 |   4 | 1269.8 |
               +--------+--------+--------+--------+--------+-----+--------+

Top non-repeatable levels by time:
     D:1: 2135 daAuts
     D:2: 1540 daAuts
     D:3: 796 daAuts
     D:4: 606 daAuts
